 Dungeon Crawl Stone Soup version 0.30-a0-168-g0b976cbdc4 (console) character file.

Game seed: 12013429975216438247

440 surr the Ducker (level 6, 0/36 HPs)
             Began as a Deep Elf Monk on Sept 29, 2022.
             Slain by Ijyb the goliath frog (glowing shapeshifter) (14 damage)
             ... on level 5 of the Dungeon.
             The game lasted 00:12:28 (5039 turns).

surr the Ducker (Deep Elf Monk)                     Turns: 5039, Time: 00:12:29

Health: 0/36       AC:  9    Str:  8    XL:     6   Next: 70%
Magic:  8/8        EV: 14    Int: 15    God:
Gold:   197        SH:  0    Dex: 19    Spells: 5/5 levels left

rFire   + + .      SeeInvis .    m - +2 dagger (chaos)
rCold   . . .      Faith    .    (no shield)
rNeg    . . .      Spirit   .    v - +0 leather armour
rPois   .          Reflect  .    A - +1 helmet
rElec   .          Harm     .    (no cloak)
rCorr   .          Rampage  .    (no gloves)
Will    .....                    (no boots)
Stlth   +++.......               (no amulet)
HPRegen 0.12/turn                g - ring of protection from fire
MPRegen 0.11/turn                p - +4 ring of protection

@: no status effects
A: fire resistance 1
a: no special abilities


You were on level 5 of the Dungeon.
You visited 1 branch of the dungeon, and saw 5 of its levels.

You collected 197 gold pieces.

Inventory:

Hand Weapons
 a - a +0 short sword
 h - a +1 dagger of draining
 k - a +0 long sword
 m - a +2 dagger of chaos (weapon)
 x - a +0 dagger of venom
Missiles
 t - 2 javelins (quivered)
Armour
 v - a +0 leather armour (worn)
 A - a +1 helmet (worn)
Jewellery
 d - a ring of protection from fire
 g - a ring of protection from fire (left hand)
 p - a +4 ring of protection (right hand)
Scrolls
 b - a scroll of immolation {unknown}
 c - a scroll of amnesia
 e - a scroll of teleportation {unknown}
 f - a scroll of noise {unknown}
 i - a scroll of summoning {unknown}
 l - a scroll of poison
 q - a scroll of blinking {unknown}
 y - a scroll of enchant weapon {unknown}
 z - a scroll of fog {unknown}
Potions
 j - 3 potions of lignification
 n - 3 potions of mutation
 o - a potion of resistance {unknown}
 u - a potion of curing


   Skills:
 - Level 2.4 Fighting
 - Level 3.6(4.1) Short Blades
 + Level 2.4(3.3) Long Blades
 + Level 2.3 Throwing
 + Level 5.7 Dodging
 + Level 5.5 Stealth


You had 5 spell levels left.
You didn't know any spells.
Your spell library contained the following spells:

 Spells                   Type           Power      Damage    Failure   Level
 Kiss of Death            Conj/Necr      0%         2d5       36%         1
 Ensorcelled Hibernation  Hex/Ice        0%         N/A       52%         2
 Passwall                 Tmut/Erth      0%         N/A       52%         2
 Inner Flame              Hex/Fire       0%         N/A       75%         3
 Swiftness                Air            0%         N/A       75%         3
 Cause Fear               Hex            0%         N/A       98%         4
 Summon Ice Beast         Ice/Summ       0%         N/A       98%         4
 Summon Lightning Spire   Summ/Air       0%         N/A       98%         4
 Summon Mana Viper        Hex/Summ       0%         N/A       100%        5
 Monstrous Menagerie      Summ           0%         N/A       100%        7
 Storm Form               Tmut/Air       0%         N/A       100%        7
 Discord                  Hex            0%         N/A       100%        8
 Maxwell's Capacitive Co  Air            0%         ∞         100%        8


Dungeon Overview and Level Annotations

Branches:
Dungeon (5/15)
 Temple: D:4-7

Altars:
Kikubaaqudgha
Sif Muna
Uskayaw
Vehumet
Xom

Annotations:
D:3 1 runed translucent door, 4 exclusions, sastreii's ghost, weakling FoFi
D:5 Ijyb


Innate Abilities, Weirdness & Mutations

Your flesh is heat resistant. (rF+)


Message History

An adder comes into view.
Found a scroll labelled FIUZXO DUOCAIR.
Ijyb the Twisted Goblin comes into view.
She is wielding a +0 dagger, wearing a +2 ring mail of willpower and carrying a wand of charming (13).
Ijyb shouts!
Throw: 3 darts (poison)
Press: ? - help, Q - select action, (/) - cycle Shift-Dir - straight line, f - Ijyb
Aim: Ijyb, wielding a +0 dagger, wearing a +2 ring mail of willpower and carrying a wand of charming (13) (60% to hit)
You throw a poisoned dart. The poisoned dart hits Ijyb!
Ijyb is poisoned.
Throw: 2 darts (poison)
Press: ? - help, Q - select action, (/) - cycle Shift-Dir - straight line, f/p - Ijyb
Aim: Ijyb, wielding a +0 dagger, wearing a +2 ring mail of willpower and carrying a wand of charming (13) (lightly wounded, very poisoned, 60% to hit)
You throw a poisoned dart. The poisoned dart hits Ijyb.
Ijyb looks even sicker.
Ijyb is lightly wounded.
Throw: dart (poison)
Press: ? - help, Q - select action, (/) - cycle Shift-Dir - straight line, f/p - Ijyb
Aim: Ijyb, wielding a +0 dagger, wearing a +2 ring mail of willpower and carrying a wand of charming (13) (lightly wounded, very poisoned, 60% to hit)
You throw a poisoned dart. The poisoned dart hits Ijyb.
Ijyb looks as sick as possible!
Ijyb is lightly wounded.
Your +0 dagger of venom stops dripping with poison.
Your +2 dagger of chaos is briefly surrounded by a scintillating aura of random colours.
m - a +2 dagger of chaos (weapon)
Ijyb hits you but does no damage.
You hit Ijyb but do no damage.
Ijyb changes into a glowing shapeshifter!
You hit Ijyb. You freeze Ijyb.
Ijyb is lightly wounded.
Ijyb the glowing shapeshifter changes into a faun!
You hit Ijyb. You freeze Ijyb.
Ijyb is lightly wounded.
You hit Ijyb but do no damage.
Ijyb is lightly wounded.
Ijyb the faun changes into a goliath frog!
You miss Ijyb. Ijyb hits you!!
Ouch! That really hurt!
You are splashed with acid!
* * * LOW HITPOINT WARNING * * *
Okay, then.
You feel better. Ijyb hits you!
You die...

# #### #> ... #.##.#
.#..#.#### .........#
##.##.##.# #######
......##.##########.....#
###....#........@F(.....#
####.############(....#
#.## #.....# #..##
......# ######..#
.#.....# #...###.###
#.#.....# #...# #...# .
#.?...#
#...#####.###.####.....#
#...#............#.....#


You could see Ijyb the goliath frog shaped shifter.

Vanquished Creatures
  4 crimson imps (D:4)
  A hound (D:4)
  An orc priest (D:4)
  4 orc wizards (D:3)
  3 gnolls
  5 adders
  2 worms
  A dart slug (D:1)
  3 orcs
  4 bats
  5 endoplasms
  3 giant cockroaches
  3 goblins
  6 hobgoblins
  7 jackals
  5 kobolds
  3 quokkas
  5 ball pythons
  2 frilled lizards
  6 rats
73 creatures vanquished.

Vanquished Creatures (others)
  5 withered plants
5 creatures vanquished.

Grand Total: 78 creatures vanquished

Notes
Turn   | Place    | Note
-------+----------+-------------------------------------------
     0 | D:1      | surr the Deep Elf Monk began the quest for the Orb.
     0 | D:1      | Reached XP level 1. HP: 13/13 MP: 3/3
   391 | D:1      | Reached XP level 2. HP: 18/18 MP: 4/4
  1546 | D:2      | Reached XP level 3. HP: 21/22 MP: 5/5
  1869 | D:1      | Gained mutation: Your flesh is heat resistant. (rF+)
                  | [potion of mutation]
  2032 | D:2      | Reached XP level 4. HP: 18/27 MP: 6/6
  2297 | D:2      | Found a faded altar of an unknown god.
  2557 | D:3      | Found a runed translucent door.
  2557 | D:3      | Noticed sastreii's ghost (weakling FoFi)
  3051 | D:3      | Reached skill level 1 in Long Blades
  3366 | D:3      | Found an ancient bone altar of Kikubaaqudgha.
  3382 | D:3      | Reached skill level 5 in Dodging
  3382 | D:3      | Reached XP level 5. HP: 26/31 MP: 7/7
  3428 | D:3      | Found a shimmering blue altar of Sif Muna.
  3560 | D:3      | Found a radiant altar of Vehumet.
  3564 | D:3      | Reached skill level 1 in Throwing
  3567 | D:3      | Got Vehumet's Compendium of Blasts
  3866 | D:4      | Found a hide-covered altar of Uskayaw.
  3866 | D:4      | Noticed a +0 dagger
  3867 | D:4      | Noticed a +0 hand axe
  3934 | D:4      | Reached skill level 5 in Stealth
  3962 | D:4      | Found a shimmering altar of Xom.
  4024 | D:4      | Reached XP level 6. HP: 35/36 MP: 8/8
  4980 | D:5      | Entered Level 5 of the Dungeon
  5026 | D:5      | Noticed Ijyb
  5034 | D:5      | Ijyb changed into Ijyb the glowing shapeshifter
  5034 | D:5      | Noticed Ijyb (glowing shapeshifter)
  5035 | D:5      | Ijyb the glowing shapeshifter changed into Ijyb the faun
  5035 | D:5      | Noticed Ijyb (glowing shapeshifter)
  5037 | D:5      | Ijyb the faun changed into Ijyb the goliath frog
  5037 | D:5      | Noticed Ijyb (glowing shapeshifter)
  5039 | D:5      | Slain by Ijyb the goliath frog (glowing shapeshifter)

Illustrated notes

Levels and vault maps discovered:
D:1:      dpeg_arrival_erosion, layout_loops_cross, roderic_serpentine_path,
          kennysheep_flooded_box
D:2:      layout_loops_ring, ebering_ecumenical_altar_petrified
D:3:      layout_loops_ring, palyth_temple_overflow_mages, gammafunk_ghost_grave
D:4:      layout_loops_corners, led_xom_imps, dancing_weapons_uskayaw
D:5:      kennysheep_windowed_halls, layout_basic, uniq_ijyb

Skill      XL: |  1  2  3  4  5  6 |
---------------+-------------------+-----
Stealth        | 3 4 5 |  5.5
Dodging        | 4 5 |  5.7
Long Blades    | 1 2 |  2.4
Throwing       | 1 2 |  2.3
Fighting       | |  2.4
Short Blades   | |  3.6

Action                   |  1- 3 |  4- 6 || total
-------------------------+-------+-------++-------
Melee: Short sword       |    76 |       ||    76
       Punch             |     1 |       ||     1
       Dagger            |    27 |   105 ||   132
       Long sword        |       |    44 ||    44
Throw: Javelin           |     5 |     7 ||    12
       Dart              |       |     8 ||     8
  Use: Potion            |     4 |     4 ||     8
       Scroll            |     3 |       ||     3
 Stab: Sleeping          |    10 |     6 ||    16
       Distracted        |       |     2 ||     2
Armor: Robe              |    15 |     9 ||    24
       Leather armour    |       |    21 ||    21
Dodge: Dodged            |    43 |    75 ||   118

Table legend: (Time is in decaauts)
 A = Elapsed time spent in this place.
 B = Non-inter-level travel time spent in this place.
 C = Inter-level travel time spent in this place.
 D = Time resting spent in this place.
 E = Time spent auto-exploring this place.
 F = Levels seen in this place.
 G = Mean time per level.
                   A        B        C        D        E       F      G
               +--------+--------+--------+--------+--------+-----+--------+
         Total |   5010 |   4912 |     98 |    226 |   3582 |   5 | 1002.0 |
       Dungeon |   5010 |   4912 |     98 |    226 |   3582 |   5 | 1002.0 |
               +--------+--------+--------+--------+--------+-----+--------+

Top non-repeatable levels by time:
     D:2: 1488 daAuts
     D:3: 1261 daAuts
     D:4: 1252 daAuts
     D:1: 951 daAuts
     D:5: 56 daAuts
